 Dungeon Sprint DCSS version 0.30.1-11-g7821555f0a (webtiles) character file.

Game seed: 7946658374138082378

1633 Groucho the Thaumaturge (level 8, -9/41 HPs)
             Began as a Deep Elf Earth Elementalist on Jan 16, 2024.
             Was a High Priest of Sif Muna.
             Mangled by a death cob (22 damage)
             ... in the Dungeon (Sprint VII: "The Pits").
             The game lasted 00:05:26 (2971 turns).

Groucho the Thaumaturge (DEEE)                      Turns: 2971, Time: 00:05:26

Health: -9/41      AC:  3    Str:  5    XL:     8   Next: 66%
Magic:  10/26      EV: 12    Int: 23    God:    Sif Muna [*****.]
Gold:   0          SH:  0    Dex: 15    Spells: 18/31 levels left

rFire   + . .        h - +2 dagger
rCold   . . .        (no shield)
rNeg    . . .        e - +1 robe {rF+}
rPois   .            (no helmet)
rElec   .            (no cloak)
rCorr   .            (no gloves)
SInv    .            (no boots)
Will    .....        (no amulet)
Stlth   ++           (no ring)
HPRegen 0.26/turn    (no ring)
MPRegen 0.20/turn

%: no teleportation
@: very slightly contaminated, slowed, very slow
A: no striking features
a: Renounce Religion, Channel Magic, Forget Spell, Divine Exegesis


You were in the Dungeon.
You worshipped Sif Muna.
Sif Muna was extremely pleased with you.
You visited 1 branch

Inventory:

Hand Weapons
 h - a +2 dagger (weapon)
Armour
 e - a +1 robe of fire resistance (worn)
Wands
 a - a wand of quicksilver (10)
Scrolls
 g - a scroll of blinking
 j - 5 scrolls of amnesia
 k - a scroll of summoning
Potions
 b - 4 potions of magic
 c - 6 potions of curing
 d - 2 potions of heal wounds
 f - 3 potions of berserk rage
 i - a potion of invisibility


   Skills:
 - Level 2.4 Dodging
 - Level 2.4 Stealth
 + Level 12.0 Spellcasting
 + Level 9.8 Conjurations
 + Level 8.8 Transmutations
 + Level 11.2 Earth Magic
 + Level 8.7 Invocations


You had 18 spell levels left.
You knew the following spells:

 Your Spells              Type           Power      Damage    Failure   Level
a - Sandblast             Erth           100%       2d20      1%          1
b - Stone Arrow           Conj/Erth      100%       3d13      1%          3
c - Petrify               Tmut/Erth      56%        N/A       1%          4
d - Irradiate             Conj/Tmut      27%        3d20      2%          5

Your spell library contained the following spells:

 Spells                   Type           Power      Damage    Failure   Level
 Sting                    Tmut/Pois      100%       1d8       1%          1
 Passwall                 Tmut/Erth      46%        N/A       1%          2
 Searing Ray              Conj           100%       2d8       1%          2
 Scorch                   Fire           26%        2d6       7%          2
 Statue Form              Tmut/Erth      37%        N/A       12%         6
 Arcjolt                  Conj/Air       18%        1d28      17%         5
 Fireball                 Conj/Fire      18%        3d9       17%         5
 Starburst                Conj/Fire      18%        6d7       67%         6
 Eringya's Noxious Bog    Tmut/Pois      17%        N/A       75%         6
 Storm Form               Tmut/Air       17%        N/A       100%        7
 Fire Storm               Conj/Fire      18%        8d5       100%        9


Dungeon Overview and Level Annotations

Branches:
Dungeon (1/1)

Altars:
Ashenzari
Cheibriados
Dithmenos
Elyvilon
Fedhas
Gozag
Hepliaklqana
Kikubaaqudgha
Makhleb
Nemelex Xobeh
Okawaru
Qazlal
Ru
Sif Muna
Trog
Uskayaw
Vehumet
Wu Jian
Xom
Yredelemnul
Zin
The Shining One
Jiyva
Lugonu


Message History

Things that are here:
a +0 giant spiked club; a +0 long sword; a +0 robe
Aiming: Stone Arrow (safe; 1% risk of failure)
Press: ? - help, Q - select action, (/) - cycle Shift-Dir - straight line, f - red devil
Aim: a red devil, wielding a +0 trident (69% to hit)
The stone arrow hits the red devil!
The red devil is heavily wounded.
You hear a chilling moan.
A death cob comes into view.
Unknown command.
Unknown command.
Aiming: Stone Arrow (safe; 1% risk of failure)
Press: ? - help, Q - select action, (/) - cycle Shift-Dir - straight line, f - death cob
Aim: a death cob (63% to hit)
The stone arrow hits the death cob!
The death cob is lightly damaged.
Unknown command.
Unknown command.
Unknown command.
Aiming: Stone Arrow (safe; 1% risk of failure)
Press: ? - help, Q - select action, (/) - cycle Shift-Dir - straight line, f - red devil, p - death cob
Aim: a red devil, wielding a +0 trident (heavily wounded, 69% to hit)
The stone arrow hits the death cob!!
The death cob is heavily damaged.
The death cob hits you. The death cob completely misses you.
Unknown command.
Unknown command.
Casting: Stone Arrow (safe; 1% risk of failure)
Confirm with . or Enter, or press ? or * to list all spells.
The spell is quite dangerous to miscast (2% risk of failure)!
Continue anyway?
You erupt in a fountain of uncontrolled magic!
The death cob is blasted with magical radiation!!
The death cob is severely damaged.
You are very lightly contaminated with residual magic.
The death cob hits you!!
Ouch! That really hurt!
The death cob drains your vigour!
You feel yourself slow down. The death cob hits you!!
Ouch! That really hurt!
You die...

#.#........##.......#
#'###########.......#
#.......#.. #########
#.###...#.# ####
#.#.....#)#..).#
#.#...#)#)#....#
#.....#.#.4....+
#...###.#'#
#....).@z.#
###########


You could see a death cob and a red devil.

Vanquished Creatures
  A guardian mummy (D)
  Prince Ribbit (D)
  A flying skull (D)
  Menkaure (D)
  2 floating eyes (D)
  Edmund (D)
  An ogre (D)
  A bullfrog (D)
  3 scorpions (D)
  5 wights (D)
  A gnoll bouda (D)
  A jelly (D)
  An orc wizard (D)
  6 gnolls (D)
  An ufetubus (D)
  An orc (D)
  A hobgoblin (D)
  A ball python skeleton (D)
  A kobold (D)
31 creatures vanquished.

Notes
Turn   | Place    | Note
-------+----------+-------------------------------------------
     0 | D        | Groucho the Deep Elf Earth Elementalist began the quest for
                  | the Orb.
     0 | D        | Reached XP level 1. HP: 10/10 MP: 6/6
    13 | D        | Reached skill level 4 in Spellcasting
    13 | D        | Reached XP level 2. HP: 15/15 MP: 5/9
    42 | D        | Found a bloodstained altar of Trog.
    42 | D        | Found a shimmering blue altar of Sif Muna.
    42 | D        | Found a viscous altar of Jiyva.
    42 | D        | Found a hazy altar of Hepliaklqana.
    42 | D        | Found an opulent altar of Gozag.
    43 | D        | Found a glowing golden altar of the Shining One.
    43 | D        | Found a glowing silver altar of Zin.
    43 | D        | Found a basalt altar of Yredelemnul.
    43 | D        | Found a shimmering altar of Xom.
    43 | D        | Found an ornate altar of the Wu Jian Council.
    43 | D        | Found a sacrificial altar of Ru.
    43 | D        | Found a stormy altar of Qazlal.
    43 | D        | Found an iron altar of Okawaru.
    43 | D        | Found a sparkling altar of Nemelex Xobeh.
    43 | D        | Found a burning altar of Makhleb.
    43 | D        | Found a blossoming altar of Fedhas.
    43 | D        | Found a white marble altar of Elyvilon.
    43 | D        | Found a shadowy altar of Dithmenos.
    43 | D        | Found a snail-covered altar of Cheibriados.
    44 | D        | Found a radiant altar of Vehumet.
    44 | D        | Found a corrupted altar of Lugonu.
    45 | D        | Found an ancient bone altar of Kikubaaqudgha.
    45 | D        | Found a hide-covered altar of Uskayaw.
    45 | D        | Found a broken altar of Ashenzari.
    46 | D        | Became a worshipper of Sif Muna the Loreminder
    70 | D        | Reached skill level 5 in Earth Magic
   239 | D        | Noticed a scorpion
   266 | D        | Killed a scorpion
   266 | D        | Reached * piety under Sif Muna
   267 | D        | Reached skill level 6 in Spellcasting
   267 | D        | Reached XP level 3. HP: 19/19 MP: 5/12
   267 | D        | Reached XP level 4. HP: 24/24 MP: 5/14
   591 | D        | Learned a level 3 spell: Stone Arrow
   591 | D        | Noticed a floating eye
   591 | D        | Noticed a scorpion
   595 | D        | Killed a scorpion
   596 | D        | Reached skill level 5 in Conjurations
   596 | D        | Reached XP level 5. HP: 28/28 MP: 9/16
   907 | D        | Killed a floating eye
   908 | D        | Reached skill level 8 in Spellcasting
  1233 | D        | Reached ** piety under Sif Muna
  1234 | D        | Reached skill level 5 in Transmutations
  1234 | D        | Reached XP level 6. HP: 19/32 MP: 5/19
  1236 | D        | Noticed a floating eye
  1237 | D        | Reached skill level 5 in Invocations
  1246 | D        | Paralysed by a floating eye for 3 turns
  1249 | D        | Reached *** piety under Sif Muna
  1251 | D        | Paralysed by a floating eye for 2 turns
  1257 | D        | Paralysed by a floating eye for 2 turns
  1259 | D        | Killed a floating eye
  1260 | D        | Reached skill level 9 in Spellcasting
  1681 | D        | Learned a level 4 spell: Petrify
  1746 | D        | Noticed Prince Ribbit
  1749 | D        | Noticed Menkaure
  1763 | D        | Killed Prince Ribbit
  1764 | D        | Reached XP level 7. HP: 8/36 MP: 14/22
  1769 | D        | Reached **** piety under Sif Muna
  1770 | D        | Reached skill level 10 in Spellcasting
  1771 | D        | Killed Menkaure
  1772 | D        | Reached skill level 10 in Earth Magic
  1802 | D        | Noticed a flying skull
  1804 | D        | Reached ***** piety under Sif Muna
  1804 | D        | Received a gift from Sif Muna
  1805 | D        | Got Sif Muna's Precepts of Wild Flesh {god gift}
  1817 | D        | Killed a flying skull
  1818 | D        | Reached skill level 11 in Spellcasting
  1818 | D        | Reached XP level 8. HP: 41/41 MP: 20/25
  2332 | D        | Learned a level 5 spell: Irradiate
  2334 | D        | Noticed a guardian mummy
  2337 | D        | Killed a guardian mummy
  2595 | D        | Noticed Edmund
  2598 | D        | Received a gift from Sif Muna
  2601 | D        | Killed Edmund
  2602 | D        | Reached skill level 12 in Spellcasting
  2602 | D        | Got Wuufio Qots's Essays on Calescent Changing {god gift}
  2964 | D        | Noticed a red devil
  2969 | D        | Noticed a death cob
  2971 | D        | Mangled by a death cob

Illustrated notes

Levels and vault maps discovered:
D:        pitsprint [storerooms_1, entrance_room_1, metal_vault_5, armoury_1,
          mini_pit_1, grid_room_1, main_hall_1, silver_pit, the_coven_3,
          the_vestibule_1, steel_vault_5, golden_pit, hallway_of_sentries,
          crystal_vault_3, iron_vault_4, final_vault]

Skill      XL: |  1  2  3  4  5  6  7  8 |
---------------+-------------------------+-----
Spellcasting   | 4 6 8 9 11 12 | 12.0
Conjurations   | 2 4 5 6 7 8 9 |  9.8
Earth Magic    | 4 7 8 9 10 11 | 11.2
Transmutations | 2 5 6 7 8 |  8.8
Invocations    | 2 4 6 7 8 |  8.7
Dodging        | |  2.4
Stealth        | |  2.4

Action                     |  1- 3 |  4- 6 |  7- 9 || total
---------------------------+-------+-------+-------++-------
  Melee: Dagger            |       |     8 |       ||     8
   Cast: Sandblast         |    10 |     3 |     1 ||    14
         Stone Arrow       |       |    16 |    24 ||    40
         Irradiate         |       |       |     3 ||     3
    Use: Potion            |     1 |     3 |     3 ||     7
  Dodge: Dodged            |     3 |     9 |     4 ||    16
